 Dungeon Crawl Stone Soup version 0.23.2-33-g5129a83184 (webtiles) character file.

Game seed: 11592973659069262398

1927 Atelerd the Destroyer (level 9, -6/58 HPs)
             Began as an Octopode Wizard on July 15, 2019.
             Was a Believer of Sif Muna.
             Killed by divine providence
             ... invoked by an orc priest
              (15 damage)
             ... on level 7 of the Dungeon.
             The game lasted 00:12:32 (7044 turns).

Atelerd the Destroyer (Octopode Wizard)             Turns: 7044, Time: 00:12:32

Health: -6/58      AC:  1    Str:  7    XL:     9   Next: 17%
Magic:  2/35       EV: 13    Int: 27    God:    Sif Muna [**....]
Gold:   272        SH:  0    Dex: 10    Spells: 13/22 levels left

rFire    x . .     SeeInvis .   v - staff of power
rCold    + + .     Gourm    .   (no shield)
rNeg     . . .     Faith    .   a - +0 hat
rPois    .         Spirit   .   (no amulet)
rElec    .         Reflect  .   l - ring of ice (curse)
rCorr    .         Harm     .   r - +4 ring of intelligence
MR       .....                  x - ring of protection from cold
Stlth    +++.......             (no ring)
HPRegen  0.19/turn              (no ring)
MPRegen  0.24/turn              (no ring)
                                (no ring)
                                (no ring)

@: no status effects
A: almost no armour, stealthy swim, amphibious, 8 rings, constrict 8, camouflage
1, gelatinous body 1
a: Divine Energy, Renounce Religion


You were on level 7 of the Dungeon.
You worshipped Sif Muna.
Sif Muna was pleased with you.
You were hungry.

You visited 2 branches of the dungeon, and saw 8 of its levels.

You collected 272 gold pieces.

Inventory:

Hand Weapons
 e - a +1 vampiric spear
 j - a +0 long sword
 k - a +0 scimitar
Armour
 a - a +0 hat (worn)
Magical Staves
 v - an uncursed staff of power (weapon)
Jewellery
 l - a cursed ring of ice (left tentacle)
 r - a +4 ring of intelligence (right tentacle)
 x - a ring of protection from cold (on tentacle)
 A - an uncursed ring of positive energy {unknown}
 D - an uncursed ring of positive energy {unknown}
Wands
 y - a wand of digging (9)
Scrolls
 b - 2 scrolls of magic mapping
 d - 3 scrolls of remove curse {unknown}
 g - a scroll of amnesia
 n - 4 scrolls of identify {unknown}
 o - 4 scrolls of immolation
 z - 2 scrolls of teleportation {unknown}
 B - a scroll of enchant armour {unknown}
 C - 2 scrolls of noise {unknown}
Potions
 f - a potion of haste {unknown}
 h - 3 potions of berserk rage {unknown}
 i - 2 potions of lignification {unknown}
 m - 3 potions of curing
 p - 2 potions of agility {unknown}
 q - a potion of mutation {unknown}
 s - 2 potions of invisibility {unknown}
 t - 2 potions of resistance {unknown}
 u - 2 potions of degeneration {unknown}
 w - 3 potions of flight {unknown}
 E - 2 potions of heal wounds {unknown}
Comestibles
 c - 8 rations


   Skills:
 - Level 4.0 Fighting
 - Level 2.0 Dodging
 - Level 2.6 Stealth
 + Level 7.3 Spellcasting
 + Level 8.0 Conjurations
   Level 1.0 Summonings
 - Level 1.0 Translocations


You had 13 spell levels left.
You knew the following spells:

 Your Spells              Type           Power        Failure   Level  Hunger
a - Magic Dart            Conj           ####         1%          1    None
b - Mephitic Cloud        Conj/Pois/Air  ###.....     5%          3    None
c - Blink                 Tloc           N/A          5%          2    None
d - Conjure Flame         Conj/Fire      ####....     3%          3    None

Your spell library contained the following spells:

 Spells                   Type           Power        Failure   Level  Hunger
 Beastly Appendage        Tmut           #.....       5%          1    None
 Call Imp                 Summ           ###.....     5%          2    None
 Slow                     Hex            #.......     9%          2    None
 Sticks to Snakes         Tmut           #.......     9%          2    None
 Spider Form              Tmut/Pois      #.........   17%         3    None
 Ice Form                 Ice/Tmut       ##......     50%         4    ##.....
 Blade Hands              Tmut           #.........   83%         5    #####..


Dungeon Overview and Level Annotations

Branches:
Dungeon (7/15)             Temple (1/1) D:4

Altars:
Ashenzari
Cheibriados
Dithmenos
Elyvilon
Fedhas
Kikubaaqudgha
Makhleb
Nemelex Xobeh
Okawaru
Sif Muna
Trog
Uskayaw
Xom
Yredelemnul
Zin

Annotations:
D:6 exclusion: downstairs
D:7 Harold, Menkaure


Innate Abilities, Weirdness & Mutations

You cannot wear most types of armour.
You are very stealthy in the water. (Stealth+)
You are amphibious.
You can wear up to eight rings at the same time.
You can use your tentacles to constrict eight enemies at once.
Your skin changes colour to match your surroundings (Stealth+).
Your rubbery body absorbs attacks. (AC +1, EV +1)


Message History

The shadow imp gestures at you.
You struggle to resist.
The orc priest miscasts a cantrip.
It was a potion of curing.
You feel better.
You constrict Harold, but do no damage. Harold closely misses you.
The shadow imp hits you.
* * * LOW HITPOINT WARNING * * *
Casting: Magic Dart (safe; 1% risk of failure)
Confirm with . or Enter, or press ? or * to list all spells.
You blink.
You lose your grip on Harold.
The orc priest invokes the aid of Beogh against you.
You struggle to resist.
A magic dart appears from out of thin air!
The magic dart hits you!
* * * LOW HITPOINT WARNING * * *
You feel better.
Menkaure shouts!
The orc priest calls down the wrath of Beogh upon you.
Beogh smites you!
You die...

##### .?.#
####†#############
#....)..@..5.@.o.#
#.##.###########M#
#.##.#...
#h##O#.#####
#>..F..../!#
#.##(#.## #.##Z#
#.##.##### #
#.##.#...##..#


You could see Harold (confused), Menkaure, an orc priest and a shadow imp.

Vanquished Creatures
  Prince Ribbit (D:7)
  2 hippogriffs
  The ghost of zuik the Magician, an amateur DEFE (D:3)
  2 ice beasts
  A black bear (D:6)
  A necrophage (D:6)
  An ogre (D:7)
  3 bullfrogs
  A scorpion (D:4)
  The ghost of Acheron the Magician, a weakling DgWn (D:3)
  A centaur zombie (D:6)
  A quasit (D:6)
  3 bullfrog skeletons
  2 hounds
  3 jellies
  An iguana (D:5)
  6 worker ants
  A worker ant zombie (D:6)
  4 gnolls (D:4)
  6 adders
  An adder skeleton (D:5)
  3 worms
  4 dart slugs
  2 leopard geckos (D:3)
  8 orcs
  11 bats
  4 giant cockroaches
  9 goblins
  2 hobgoblins (D:3)
  4 jackals
  3 kobolds
  3 quokkas
  A ball python (D:3)
  5 frilled lizards
  A jackal skeleton (D:7)
  2 quokka skeletons
  5 rats
110 creatures vanquished.

Notes
Turn   | Place    | Note
-------+----------+-------------------------------------------
     0 | D:1      | Atelerd the Octopode Wizard began the quest for the Orb.
     0 | D:1      | Reached XP level 1. HP: 11/11 MP: 4/4
   261 | D:1      | Reached XP level 2. HP: 17/17 MP: 6/6
   432 | D:1      | Reached skill level 2 in Conjurations
  1114 | D:2      | Reached XP level 3. HP: 19/21 MP: 7/7
  1119 | D:2      | Learned a level 3 spell: Mephitic Cloud
  1122 | D:2      | Learned a level 2 spell: Blink
  1165 | D:2      | Found an iron altar of Okawaru.
  1491 | D:2      | Found a sparkling altar of Nemelex Xobeh.
  1681 | D:3      | Reached skill level 3 in Conjurations
  1719 | D:3      | Reached XP level 4. HP: 13/27 MP: 5/9
  2181 | D:3      | Found a runed translucent gate.
  2182 | D:3      | Found a runed translucent gate.
  2182 | D:3      | Found a runed translucent gate.
  2182 | D:3      | Noticed zuik's ghost (amateur DEFE)
  2183 | D:3      | Noticed Acheron's ghost (weakling DgWn)
  2279 | D:3      | Noticed an ogre
  2404 | D:4      | Learned a level 3 spell: Conjure Flame
  2437 | D:4      | Reached XP level 5. HP: 29/31 MP: 1/10
  2649 | D:4      | Reached skill level 4 in Conjurations
  2883 | D:4      | Found a white marble altar of Elyvilon.
  2884 | D:4      | Found a staircase to the Ecumenical Temple.
  2884 | D:4      | Noticed a hippogriff
  2992 | Temple   | Entered the Ecumenical Temple
  3082 | Temple   | Became a worshipper of Sif Muna the Loreminder
  3285 | D:4      | Killed a hippogriff
  3285 | D:4      | Reached skill level 1 in Fighting
  3285 | D:4      | Reached skill level 5 in Conjurations
  3285 | D:4      | Reached XP level 6. HP: 33/39 MP: 4/12
  3563 | D:4      | Reached XP level 7. HP: 45/45 MP: 13/14
  4387 | D:3      | Killed Acheron's ghost
  4388 | D:3      | Reached skill level 5 in Spellcasting
  4485 | D:3      | Killed zuik's ghost
  4637 | D:5      | Entered Level 5 of the Dungeon
  5281 | D:5      | Reached * piety under Sif Muna
  5444 | D:5      | Reached XP level 8. HP: 47/53 MP: 16/16
  5596 | D:5      | Reached skill level 6 in Conjurations
  5664 | D:5      | Found a shimmering altar of Xom.
  5664 | D:5      | Found a shimmering altar of Xom.
  5670 | D:5      | Found a shimmering altar of Xom.
  5671 | D:5      | Found a shimmering altar of Xom.
  5671 | D:5      | Found a shimmering altar of Xom.
  5671 | D:5      | Found a shimmering altar of Xom.
  6014 | D:6      | Noticed a hippogriff
  6030 | D:6      | Killed a hippogriff
  6037 | D:6      | Reached skill level 7 in Conjurations
  6236 | D:6      | Found a bloodstained altar of Trog.
  6243 | D:6      | Found a basalt altar of Yredelemnul.
  6244 | D:6      | Found an ancient bone altar of Kikubaaqudgha.
  6695 | D:7      | Noticed Menkaure
  6981 | D:7      | Noticed Harold
  7013 | D:7      | Reached ** piety under Sif Muna
  7015 | D:7      | Noticed Prince Ribbit
  7019 | D:7      | Reached XP level 9. HP: 40/58 MP: 13/19
  7029 | D:7      | Killed Prince Ribbit
  7029 | D:7      | Reached skill level 8 in Conjurations
  7043 | D:7      | HP: 1/58 [something/magic dart (10)]
  7044 | D:7      | Killed from afar by an orc priest

Skill      XL: |  1  2  3  4  5  6  7  8  9 |
---------------+----------------------------+-----
Conjurations   | 2 3 5 7 8 |  8.0
Spellcasting   | 4 5 7 |  7.3
Fighting       | 1 2 3 4 |  4.0
Dodging        | |  2.0
Stealth        | |  2.6
Summonings     | |  1.0
Translocations | |  1.0

Action                   |  1- 3 |  4- 6 |  7- 9 || total
-------------------------+-------+-------+-------++-------
Melee: Spear             |    79 |    55 |       ||   134
       Constrict         |    18 |    13 |     9 ||    40
       Tentacles         |     1 |     7 |     3 ||    11
       Staff             |       |    11 |    21 ||    32
 Cast: Magic Dart        |    21 |    77 |   190 ||   288
       Mephitic Cloud    |       |     8 |    10 ||    18
       Conjure Flame     |       |     5 |    16 ||    21
       Blink             |       |     4 |     4 ||     8
  Use: Scroll            |       |       |     3 ||     3
       Potion            |       |       |     2 ||     2
 Stab: Sleeping          |    10 |     5 |       ||    15
  Eat: Ration            |     1 |       |     1 ||     2
       Chunk             |     3 |     7 |     7 ||    17
Armor: Skin              |     9 |     7 |     8 ||    24
Dodge: Dodged            |    38 |    48 |    31 ||   117
